 Dungeon Crawl Stone Soup version 0.25-a0-471-g78e40d7af6 (webtiles) character file.

Game seed: 6308577872914249994, levelgen mode: deterministic

37 Eurus the Conjurer (level 3, -7/26 HPs)
             Began as a Mummy Conjurer on Feb 6, 2020.
             Mangled by Sigmund
             ... wielding a +0 scythe
              (11 damage)
             ... on level 2 of the Dungeon.
             The game lasted 00:03:05 (1633 turns).

Eurus the Conjurer (Mummy Conjurer)                 Turns: 1633, Time: 00:03:06

Health: -7/26      AC:  2    Str: 11    XL:     3   Next: 21%
Magic:  7/7        EV: 12    Int: 15    God:
Gold:   23         SH:  0    Dex: 12    Spells: 5/8 levels left

rFire    x . .     SeeInvis .   e - +0 dagger
rCold    + . .     Gourm    .   (no shield)
rNeg     + + +     Faith    .   a - +0 robe
rPois    ∞         Spirit   .   (no helmet)
rElec    .         Reflect  .   (no cloak)
rCorr    .         Harm     .   (no gloves)
MR       .....                  (no boots)
Stlth    +.........             (no amulet)
HPRegen  0.08/turn              (no ring)
MPRegen  0.10/turn              (no ring)

@: confused
A: no food or potions, fire vulnerability, cold resistance 1, negative energy
resistance 3, torment resistance, unbreathing
a: no special abilities


You were on level 2 of the Dungeon.
You were not hungry.

You visited 1 branch of the dungeon, and saw 2 of its levels.

You collected 23 gold pieces.

Inventory:

Hand Weapons
 e - a +0 dagger (weapon)
Armour
 a - a +0 robe (worn)
Scrolls
 b - 4 scrolls of identify {unknown}
 c - a scroll of noise {unknown}
 d - a scroll of amnesia {unknown}
 f - a scroll of remove curse {unknown}
 g - a scroll of enchant armour {unknown}


   Skills:
 + Level 1.4 Fighting
 - Level 1.5 Dodging
 - Level 1.5 Stealth
 + Level 3.4 Spellcasting
 + Level 3.6 Conjurations


You had 5 spell levels left.
You knew the following spells:

 Your Spells              Type           Power        Failure   Level  Hunger
a - Magic Dart            Conj           ##..         4%          1    N/A
b - Searing Ray           Conj           ##....       6%          2    N/A

Your spell library contained the following spells:

 Spells                   Type           Power        Failure   Level  Hunger
 Dazzling Flash           Conj/Hex       #.....       26%         3    N/A
 Fulminant Prism          Conj/Hex       #.........   65%         4    N/A
 Iskenderun's Mystic Bla  Conj/Tloc      #.......     65%         4    N/A

Dungeon Overview and Level Annotations

Branches:
Dungeon (2/15)

Altars:
Uskayaw

Annotations:
D:2 Sigmund


Innate Abilities, Weirdness & Mutations

You do not eat or drink.
Your flesh is vulnerable to fire.
You are immune to poison.
Your flesh is cold resistant. (rC+)
You are immune to negative energy. (rN+++)
You are immune to unholy pain and torment.
You can survive without breathing.


Message History

Sigmund misses you.
You're too confused to move!
You bump into the rock wall.
Sigmund closely misses you.
You bump into the rock wall.
Sigmund misses you.
You bump into the rock wall.
Sigmund completely misses you. Sigmund gestures at you while chanting.
The puff of flame hits you! The fire burns you terribly!
You bump into the rock wall.
Sigmund hits you with a +0 scythe!
* * * LOW HITPOINT WARNING * * *
You bump into the rock wall.
You bump into the rock wall.
You feel less confused. Sigmund closely misses you. Sigmund closely misses you.
Sigmund casts a spell at you.
You are confused.
You bump into the rock wall.
Sigmund hits you from afar with a +0 scythe!
You die...

####### ......# #####.# ### #.#
#######.. #.# #........ # #.#
#####.#####). # ##.########
#........##.. #
##.........########.###.##.##..
..##.#..........@.@.......##.#...
#......#####.#####...............
..#..### #.# #.##.######.....
###..# #.# #.##.# ####.. .....#
#.# #.##.# #### ###.# #.# #.##.#
##8## ###.########.# #.##.# 8...8
.............#####)##.## .....
##..#######...†.......#_ .....


You could see Sigmund.

Vanquished Creatures
  An adder (D:2)
  A dart slug (D:1)
  A leopard gecko (D:1)
  3 giant cockroaches
  3 goblins
  4 hobgoblins
  3 bats (D:1)
  4 kobolds (D:1)
  5 rats (D:1)
25 creatures vanquished.

Notes
Turn   | Place    | Note
-------+----------+-------------------------------------------
     0 | D:1      | Eurus the Mummy Conjurer began the quest for the Orb.
     0 | D:1      | Reached XP level 1. HP: 13/13 MP: 4/4
   428 | D:1      | Reached XP level 2. HP: 20/20 MP: 4/6
   432 | D:1      | Learned a level 2 spell: Searing Ray
   573 | D:1      | Reached skill level 1 in Fighting
  1456 | D:2      | Reached XP level 3. HP: 26/26 MP: 4/7
  1564 | D:2      | Found a hide-covered altar of Uskayaw.
  1572 | D:2      | Noticed Sigmund
  1633 | D:2      | Mangled by Sigmund

Levels and vault maps discovered:
D:1:      lightli_arrival_noodles, layout_basic
D:2:      layout_loops_ring, nicolae_ashenzari_panopticon,
          nicolae_overflow_hidden_temple, uniq_sigmund

Skill      XL: |  1  2 |
---------------+-------+-----
Spellcasting   | 3 |  3.4
Fighting       | 1 |  1.4
Dodging        | |  1.5
Stealth        | |  1.5
Conjurations   | |  3.6

Action                   || total
-------------------------++-------
Melee: Club              ||     4
       Dagger            ||    15
 Cast: Magic Dart        ||    43
       Searing Ray       ||     1
Armor: Robe              ||     4
Dodge: Dodged            ||    23

Table legend:
 A = Non-vault XP
 B = Vault XP
 C = Vault XP percentage of total XP
 D = Non-vault monster count
 E = Vault monster count
 F = Vault count percentage of total count
                 A         B        C        D         E       F
            +---------+---------+-------+---------+---------+-------
      Total |      53 |       0 |   0.0 |      25 |       0 |   0.0
            +---------+---------+-------+---------+---------+-------
        D:1 |      34 |       0 |   0.0 |      20 |       0 |   0.0
        D:2 |      19 |       0 |   0.0 |       5 |       0 |   0.0
            +---------+---------+-------+---------+---------+-------
